[Event "Match Kovalenko-Kravtsiv Blitz 2025"]
[Site "Lviv"]
[Date "2025.03.21"]
[Round "8.1"]
[White "Kravtsiv, Martyn"]
[Black "Kovalenko, Igor"]
[Result "1-0"]
[Annotator "TA"]
[ECO "B01"]
[WhiteElo "2598"]
[BlackElo "2674"]
[PlyCount "100"]
[EventDate "2025.03.17"]
[EventType "match"]
[EventCountry "UKR"]
[SourceTitle "playchess.com"]
[Source "ChessBase"]
[SourceQuality "1"]
[TimeControl "180+2"]

1. e4 d5 2. exd5 Qxd5 3. Nc3 Qa5 4. Nf3 Nf6 5. d4 c6 6. Bc4 Bf5 7. Bd2 Nbd7 8. Qe2 Qc7 9. O-O-O e6 10. Nh4 Bg6 11. g3 $5 {[%emt 0:00:24][%mdl 4] A promising side line. B01: Scandinavian Defence.} O-O-O 12. Kb1 $5 $146 {[%emt 0:00:02][%mdl 8] New and interesting.} ({Predecessor:} 12. Nxg6 hxg6 13. h4 Nb6 14. Bb3 Rxd4 15. Bf4 Rxf4 16. gxf4 Qxf4+ 17. Kb1 Bc5 18. f3 Rxh4 19. Rxh4 Qxh4 20. Ne4 Nxe4 21. fxe4 {0-1 Mosadeghpour,M (2473)-Tahbaz,A (2423) Rasht Father Cup Rapid 2nd 2023 (9)}) 12... Nb6 13. Bb3 (13. Bg5 $11) 13... Bh5 14. f3 Rxd4 15. Bf4 ({Only move:} 15. Ng2 $1 $15) 15... Rxf4 $1 $17 16. gxf4 Qxf4 17. Qf2 (17. Qe1 $142) 17... Bb4 (17... g5 $17 18. Ng2 Qxf3) 18. Ne2 $15 Qe5 19. Ng3 Bg6 (19... Bc5 $15 {should be considered.} 20. Qd2 Be7) 20. f4 $36 {[%emt 0:00:14][%mdl 2048] White has some pressure.} Qc5 21. Qf3 Nbd5 22. f5 exf5 23. Nhxf5 Rg8 (23... Kb8 $14) 24. a3 Ba5 25. Bxd5 $1 Nxd5 26. h4 (26. Ne4 $16 Qb6 (26... Nc3+ 27. Qxc3 Qxf5 28. Nd6+ Kb8 29. Nxf5 $18) 27. Ka1) 26... h5 {[%emt 0:00:08] [#]} (26... Kb8 $1 $14) 27. Rxd5 $2 cxd5 28. b4 {[%emt 0:00:00] Chess con chili. Active counter play!} (28. Nxh5 {simplifies} Bxh5 29. Qxh5 g6 30. Qg4) 28... Bxb4 29. axb4 Qxb4+ 30. Qb3 Qxb3+ 31. cxb3 Kc7 32. Kb2 Re8 33. Rc1+ Kb6 34. Nxg7 Re3 35. Rc3 Re5 36. Rf3 Kc5 37. N7f5 a5 38. Rc3+ Kb4 39. Nd4 Re1 {[%emt 0:00:08] and ...Rb1+ would now be decisive} 40. Ngf5 $2 {[%emt 0:00:11] [#]} (40. Rc7 $14 {stays ahead.}) 40... Bxf5 $2 (40... Rb1+ $1 $19 41. Kxb1 Kxc3) 41. Nxf5 $19 {[%emt 0:00:01][%mdl 4096] Endgame KRN-KR} Re2+ 42. Rc2 Rxc2+ (42... Re4 $11) 43. Kxc2 $11 {[%emt 0:00:01] KN-KP} b5 $2 (43... Kc5 44. Ng7 Kd6 45. Nxh5 Ke5) 44. Ng3 d4 45. Nxh5 d3+ 46. Kd2 {[%emt 0:00:03] and Nf4 should not be overlooked} Kxb3 $2 {[%emt 0:00:04] [#]} (46... Kc5 $18 47. Nf4 (47. Kxd3 Kd6 $18) 47... Kd6 (47... Kb4 $2 48. Nxd3+ Kxb3 49. h5 $18)) 47. Nf4 $1 a4 48. h5 a3 49. Nxd3 Kc4 50. Nc1 {[%emt 0:00:02] Threatening mate with h6.} b4 {[%emt 0:00:01] Weighted Error Value: White=0.33/Black=0.61  Loses game:     	White=1     	Black=1      Missed win:     	White=1     	Black=1      Mistake:       	White=4     	Black=6      Inaccurate:     	White=2     	Black=4      OK:         	White=14    	Black=9      Best:        	White=2     	Black=2      Strong:       	White=2     	Black=1} 1-0